 Dungeon Crawl Stone Soup version 0.27-a0-1081-ge8a0a9c698 (webtiles) character file.

Game seed: 15486773805262934833

42 shoop the Shooter (level 3, 28/28 HPs)
             Began as a Barachi Hunter on Apr 25, 2021.
             Got out of the dungeon alive.
             The game lasted 00:01:36 (1267 turns).

shoop the Shooter (Barachi Hunter)                  Turns: 1267, Time: 00:01:36

Health: 28/28      AC:  3    Str: 14    XL:     3   Next: 56%
Magic:  3/3        EV: 11    Int: 11    God:
Gold:   37         SH:  0    Dex: 12    Spells: 2/2 levels left

rFire    . . .     SeeInvis .   b - +0 short sword
rCold    . . .     Faith    .   (no shield)
rNeg     . . .     Spirit   .   c - +0 leather armour
rPois    .         Reflect  .   (no helmet)
rElec    .         Harm     .   (no cloak)
rCorr    .         Rampage  .   (no gloves)
Will     .....                  (no boots)
Stlth    +.........             (no amulet)
HPRegen  0.09/turn              (no ring)
MPRegen  0.08/turn              (no ring)

@: slow
A: amphibious, slowness 1, strong legs 1, +LOS
a: Hop


You escaped.
You visited 1 branch of the dungeon, and saw 1 of its levels.

You collected 37 gold pieces.

Inventory:

Hand Weapons
 a - a +1 shortbow
 b - a +0 short sword (weapon)
Missiles
 d - 65 arrows
Armour
 c - a +0 leather armour (worn)
 e - a +0 chain mail
Scrolls
 f - 2 scrolls of identify {unknown}
Potions
 g - 2 potions of attraction {unknown}
 h - a potion of flight {unknown}
 i - 2 potions of ambrosia {unknown}


   Skills:
 + Level 2.7 Fighting
 + Level 5.1 Bows
 - Level 2.1 Dodging
 - Level 0.8 Stealth


You had 2 spell levels left.
You didn't know any spells.
Your spell library was empty.

Dungeon Overview and Level Annotations

Branches:
Dungeon (1/15)

Altars:


Innate Abilities, Weirdness & Mutations

You are amphibious.
You cover ground slowly.
You can hop short distances.
You have an extended range of vision and can be seen from far away.


Message History

a +0 short sword; 5 stones; a kobold skeleton You see here a +0 leather armour.
You see here a +0 club.
There is an open door here.
A quokka is nearby!
You can't go up here!
You hit the quokka but do no damage. The quokka barely misses you.
The quokka closely misses you.
You closely miss the quokka. The quokka closely misses you.
You hit the quokka.
The quokka is heavily wounded.
The quokka bites you but does no damage.
You miss the quokka.
The quokka is heavily wounded.
The quokka misses you.
You miss the quokka.
The quokka is heavily wounded.
The quokka misses you. x2
You hit the quokka but do no damage.
The quokka is heavily wounded.
The quokka closely misses you.
You hit the quokka.
You kill the quokka!
No target in view!
No target in view!
No target in view!
No target in view!
No target in view!
No target in view!
No target in view!
No target in view!
No target in view!
No target in view!
(D) Dungeon
Where to? (Enter - D:1 @ (x,y), ? - help)
You see here a quokka corpse.
There is an open door here.
There is a staircase leading out of the dungeon here.
Are you sure you want to leave the Dungeon?
This will make you lose the game!
You have escaped!

#####.###########.##########
#..........#..#
#..≈≈≈≈..8.#### #..........#
#####.###### ####'#####
#........# ######........#
##...##..^...@.# ##
#.#..##........# .#
##...##........# .#
#..############ .# #..# ###
.# #..######.# .#
##.........# #.#
.###.[.######.# #.#
.##...........# #.#


There were no monsters in sight!

Vanquished Creatures
  A gnoll (D:1)
  A dart slug (D:1)
  2 endoplasms (D:1)
  4 giant cockroaches (D:1)
  4 hobgoblins (D:1)
  2 jackals (D:1)
  2 quokkas (D:1)
  2 ball pythons (D:1)
  3 bats (D:1)
  A frilled lizard (D:1)
  3 goblins (D:1)
  A kobold (D:1)
  3 rats (D:1)
29 creatures vanquished.

Notes
Turn   | Place    | Note
-------+----------+-------------------------------------------
     0 | D:1      | shoop the Barachi Hunter began the quest for the Orb.
     0 | D:1      | Reached XP level 1. HP: 17/17 MP: 1/1
   218 | D:1      | Reached XP level 2. HP: 23/23 MP: 2/2
   497 | D:1      | Reached XP level 3. HP: 27/28 MP: 3/3
   701 | D:1      | Reached skill level 5 in Bows
  1267 | D:$      | Got out of the dungeon alive.

Illustrated notes

Levels and vault maps discovered:
D:1:      dpeg_arrival_rooms_c, layout_loops_corners, minmay_cupped

Skill      XL: |  1  2  3 |
---------------+----------+-----
Bows           | 5 |  5.1
Fighting       | |  2.7
Dodging        | |  2.1
Stealth        | |  0.8

Action                   || total
-------------------------++-------
Melee: Short sword       ||   116
 Stab: Sleeping          ||     1
Armor: Leather armour    ||    35
Dodge: Dodged            ||    91

Table legend: (Time is in decaauts)
 A = Elapsed time spent in this place.
 B = Non-inter-level travel time spent in this place.
 C = Inter-level travel time spent in this place.
 D = Time resting spent in this place.
 E = Time spent auto-exploring this place.
 F = Levels seen in this place.
 G = Mean time per level.
                   A        B        C        D        E       F      G
               +--------+--------+--------+--------+--------+-----+--------+
         Total |   1398 |   1262 |    136 |      0 |    994 |   1 | 1398.0 |
       Dungeon |   1398 |   1262 |    136 |      0 |    994 |   1 | 1398.0 |
               +--------+--------+--------+--------+--------+-----+--------+

Top non-repeatable levels by time:
     D:1: 1398 daAuts
